 Dungeon Sprint DCSS version 0.30-a0-269-gf0224bf7b6 (webtiles) character file.

Game seed: 3679488637466033709

1255 Low2 the Cruncher (level 8, -2/93 HPs)
             Began as an Ogre Gladiator on Oct 14, 2022.
             Was a Follower of Okawaru.
             Slain by a demonic crawler (4 damage)
             ... in the Dungeon (Sprint I: "Red Sonja").
             The game lasted 00:07:24 (508 turns).

Low2 the Cruncher (Ogre Gladiator)                   Turns: 508, Time: 00:07:25

Health: -2/93      AC:  3    Str: 21    XL:     8   Next: 51%
Magic:  8/8        EV: 12    Int:  9    God:    Okawaru [*.....]
Gold:   249        SH:  0    Dex: 10    Spells: 7/7 levels left

rFire   . . .      SeeInvis .    a - +0 quarterstaff
rCold   . . .      Faith    .    (shield currently unavailable)
rNeg    . . .      Spirit   .    b - +0 robe
rPois   .          Reflect  .    c - +0 hat
rElec   .          Harm     .    (no cloak)
rCorr   .          Rampage  .    (gloves unavailable)
Will    .....      NoTele   +    (boots unavailable)
Stlth   +.........               (no amulet)
HPRegen 0.35/turn                (no ring)
MPRegen 0.11/turn                (no ring)

@: hasted, very quick
A: large, unfitting armour, tough skin 1
a: Renounce Religion, Heroism


You were in the Dungeon.
You worshipped Okawaru.
Okawaru was aware of your devotion.
You visited 1 branch You collected 405 gold pieces.
You spent 156 gold pieces at shops.

Inventory:

Hand Weapons
 a - a +0 quarterstaff (weapon)
 l - a +0 scythe
Missiles
 g - a large rock
Armour
 b - a +0 robe (worn)
 c - a +0 hat (worn)
Wands
 d - a wand of iceblast (5) (quivered)
Potions
 i - 2 potions of magic
 j - a potion of berserk rage
 n - a potion of invisibility


   Skills:
 + Level 9.6 Fighting
 + Level 11.5 Staves
 + Level 8.2 Throwing
 + Level 9.6 Dodging
 + Level 1.2 Stealth
 + Level 0.1 Evocations


You had 7 spell levels left.
You didn't know any spells.
Your spell library was empty.

Dungeon Overview and Level Annotations

Branches:
Dungeon (1/1)

Altars:
Cheibriados
Dithmenos
Elyvilon
Fedhas
Gozag
Hepliaklqana
Kikubaaqudgha
Makhleb
Nemelex Xobeh
Okawaru
Qazlal
Ru
Sif Muna
Trog
Uskayaw
Vehumet
Wu Jian
Xom
Yredelemnul
Zin
The Shining One
Jiyva
Lugonu

Shops:
D !


Innate Abilities, Weirdness & Mutations

You are too large for most types of armour.
You have tough skin. (AC +1)


Message History

Aim: a demonic crawler (lightly wounded)
The mass of ice explodes!
The iceblast engulfs the demonic crawler!
The demonic crawler partially resists.
The demonic crawler is moderately wounded.
The demonic crawler shrieks in warning!
Aiming: Iceblast
Press: ? - help, Q - select action, (/) - cycle Shift-Dir - straight line, f/p - demonic crawler
Aim: a demonic crawler (moderately wounded, catching its breath)
Okay, then.
You feel better. The demonic crawler closely misses you.
The demonic crawler hits you but does no damage.
The demonic crawler hits you!
You hit the demonic crawler.
The demonic crawler is moderately wounded.
The demonic crawler shrieks in warning! x2
A gargoyle comes into view. It is wielding a +1 mace of venom.
You hit the demonic crawler but do no damage.
The demonic crawler is moderately wounded.
The demonic crawler shrieks in warning!
The demonic crawler hits you. x2
The demonic crawler hits you but does no damage.
You hear an angry buzzing noise.
You barely miss the demonic crawler.
The demonic crawler is moderately wounded.
You barely miss the demonic crawler.
The demonic crawler is moderately wounded.
The demonic crawler barely misses you. The demonic crawler hits you!
The demonic crawler barely misses you.
You feel much better. The demonic crawler hits you!
The demonic crawler barely misses you. The demonic crawler hits you.
The demonic crawler shrieks in warning! x2
The demonic crawler hits you. The demonic crawler hits you!
* * * LOW HITPOINT WARNING * * *
The demonic crawler hits you!
* * * LOW HITPOINT WARNING * * *
You feel yourself speed up. The demonic crawler hits you.
* * * LOW HITPOINT WARNING * * *
The demonic crawler hits you.
You die...

######################
..)..#.['..#__#.@ss..#
).#..'..#..'..'.s#s9.##+#
####'#####'#__####...'..#
###..#...#(#### #####○°+
__####..##.# ##
_____##'#_.+ _.∩...÷..._#
_..__##_.#'# _____###+#[#


You could see 4 demonic crawlers and a gargoyle.

Vanquished Creatures
  2 kobold demonologists (D)
  A slime creature (D)
  Sigmund (D)
  A yak (D)
  A floating eye (D)
  An ogre (D)
  A jelly (D)
  Ijyb (D)
9 creatures vanquished.

Notes
Turn   | Place    | Note
-------+----------+-------------------------------------------
     0 | D        | Low2 the Ogre Gladiator began the quest for the Orb.
     0 | D        | Reached XP level 1. HP: 22/22 MP: 1/1
     2 | D        | Noticed Ijyb
    24 | D        | Killed Ijyb
    25 | D        | Reached skill level 4 in Staves
    25 | D        | Reached XP level 2. HP: 19/32 MP: 2/2
    25 | D        | Reached XP level 3. HP: 23/39 MP: 3/3
    87 | D        | Noticed an ogre
    90 | D        | Killed an ogre
    91 | D        | Reached skill level 5 in Fighting
    91 | D        | Reached skill level 6 in Staves
    91 | D        | Reached skill level 5 in Dodging
    91 | D        | Reached XP level 4. HP: 50/50 MP: 4/4
   108 | D        | Noticed Sigmund
   118 | D        | Killed Sigmund
   119 | D        | Reached skill level 8 in Staves
   119 | D        | Reached skill level 5 in Throwing
   119 | D        | Reached XP level 5. HP: 59/59 MP: 5/5
   119 | D        | Reached XP level 6. HP: 67/67 MP: 6/6
   133 | D        | Found a burning altar of Makhleb.
   133 | D        | Found a viscous altar of Jiyva.
   133 | D        | Found a shimmering altar of Xom.
   133 | D        | Found a corrupted altar of Lugonu.
   133 | D        | Noticed a slime creature
   143 | D        | Killed a slime creature
   144 | D        | Reached skill level 9 in Staves
   144 | D        | Reached XP level 7. HP: 54/78 MP: 7/7
   157 | D        | Found an ornate altar of the Wu Jian Council.
   157 | D        | Found a shimmering blue altar of Sif Muna.
   159 | D        | Found a radiant altar of Vehumet.
   171 | D        | Found Dikhuri's Distillery.
   171 | D        | Found an ancient bone altar of Kikubaaqudgha.
   171 | D        | Found a hazy altar of Hepliaklqana.
   171 | D        | Found a stormy altar of Qazlal.
   171 | D        | Found a hide-covered altar of Uskayaw.
   171 | D        | Found a blossoming altar of Fedhas.
   171 | D        | Found a bloodstained altar of Trog.
   171 | D        | Found an iron altar of Okawaru.
   171 | D        | Found a basalt altar of Yredelemnul.
   171 | D        | Found a glowing golden altar of the Shining One.
   171 | D        | Found a snail-covered altar of Cheibriados.
   171 | D        | Found a sacrificial altar of Ru.
   171 | D        | Found a glowing silver altar of Zin.
   171 | D        | Found a shadowy altar of Dithmenos.
   171 | D        | Found a white marble altar of Elyvilon.
   171 | D        | Noticed a yak
   176 | D        | Killed a yak
   177 | D        | Reached skill level 10 in Staves
   177 | D        | Found an opulent altar of Gozag.
   178 | D        | Found a sparkling altar of Nemelex Xobeh.
   319 | D        | Became a worshipper of Warmaster Okawaru
   348 | D        | Bought a potion of might for 52 gold pieces
   348 | D        | Bought a potion of invisibility for 104 gold pieces
   386 | D        | Noticed a kobold demonologist
   386 | D        | Noticed a kobold demonologist
   395 | D        | Killed a kobold demonologist
   395 | D        | Reached * piety under Okawaru
   396 | D        | Reached skill level 11 in Staves
   396 | D        | Reached skill level 1 in Stealth
   396 | D        | Reached XP level 8. HP: 82/92 MP: 8/8
   404 | D        | Killed a kobold demonologist
   497 | D        | Noticed a demonic crawler
   497 | D        | Noticed a demonic crawler
   497 | D        | Noticed a demonic crawler
   497 | D        | Noticed a demonic crawler
   503 | D        | Noticed a gargoyle
   507 | D        | HP: 4/93 [demonic crawler (15)]
   508 | D        | Slain by a demonic crawler

Illustrated notes

Levels and vault maps discovered:
D:        dungeon_sprint_1 [red_sonja_temple_1, red_sonja_temple_small_1]

Skill      XL: |  1  2  3  4  5  6  7  8 |
---------------+-------------------------+-----
Fighting       | 3 5 6 7 9 |  9.6
Staves         | 4 6 8 9 11 | 11.5
Dodging        | 4 5 7 8 9 |  9.6
Throwing       | 4 5 6 7 8 |  8.2
Stealth        | 1 |  1.2
Evocations     | |  0.1

Action                   |  1- 3 |  4- 6 |  7- 9 || total
-------------------------+-------+-------+-------++-------
Melee: Quarterstaff      |    16 |    12 |    21 ||    49
Throw: Throwing net      |     4 |     3 |       ||     7
       Large rock        |     2 |     2 |     3 ||     7
Evoke: Wand              |       |       |     3 ||     3
  Use: Potion            |     2 |       |     4 ||     6
       Scroll            |       |       |     1 ||     1
 Stab: Held in net/web   |       |     1 |       ||     1
Armor: Robe              |     2 |       |     6 ||     8
Dodge: Dodged            |     7 |     2 |    13 ||    22

Table legend: (Time is in decaauts)
 A = Elapsed time spent in this place.
 B = Non-inter-level travel time spent in this place.
 C = Inter-level travel time spent in this place.
 D = Time resting spent in this place.
 E = Time spent auto-exploring this place.
 F = Levels seen in this place.
 G = Mean time per level.
                   A        B        C        D        E       F      G
               +--------+--------+--------+--------+--------+-----+--------+
         Total |    509 |    509 |      0 |    218 |      0 |   1 |  509.0 |
       Dungeon |    509 |    509 |      0 |    218 |      0 |   1 |  509.0 |
               +--------+--------+--------+--------+--------+-----+--------+

Top non-repeatable levels by time:
       D: 509 daAuts
